NCAA
OKLAHOMA SOONERS @ MINNESOTA GOLDEN GOPHERS
05/26/2025
 
TOP OF THE 1ST
Oklahoma Sooners batting - Pitching for Minnesota Golden Gophers : LHP Jeff O'Farrell
Pitching: LHP Jeff O'Farrell
Batting: SHB Ryan Holcomb 0-0: Ball
1-0: SINGLE (Line Drive, 8RS)
Batting: SHB César Álvarez 0-0: Called Strike
0-1: Foul Ball, location: 2F
0-2: Foul Ball, location: 2F
0-2: Fly out, F3 (Popup, 3DF)
Batting: SHB Donald Reed 0-0: Foul Ball, location: 2F
0-1: Ball
1-1: Called Strike
1-2: Foul Ball, location: 2F
1-2: Ball
2-2: Strikes out swinging
Batting: LHB Keith Green 0-0: Ball
1-0: Foul Ball, location: 2F
1-1: Swinging Strike
1-2: Foul Ball, location: 2F
1-2: Foul Ball, location: 2F
1-2: SINGLE (Line Drive, 89S)
Ryan Holcomb to second
Batting: RHB Ralph Hayes 0-0: Fly out, F7 (Flyball, 78M)
Top of the 1st over - 0 run(s), 2 hit(s), 0 error(s), 2 left on base; Oklahoma 0 - Minnesota 0
BOTTOM OF THE 1ST
Minnesota Golden Gophers batting - Pitching for Oklahoma Sooners : RHP Luis García
Pitching: RHP Luis García
Batting: LHB Ralph Cobb 0-0: Ball
1-0: Swinging Strike
1-1: Fly out, F1 (Line Drive, 15)
Batting: RHB Tim Glendonwyn 0-0: Swinging Strike
0-1: Reached on Error, E8 (Flyball, 8RM)
Batting: RHB Carlos López 0-0: Called Strike
0-1: Ball
1-1: SINGLE (Line Drive, 34)
Tim Glendonwyn to second
Runner from 2nd tries for 3rd, SAFE, throw made to third
Batting: RHB Julián Ramírez 0-0: Ball
1-0: SINGLE (Line Drive, 4M)
Tim Glendonwyn scores
Carlos López to second
Batting: RHB Félix Escamilla 0-0: Ball
1-0: Ball
2-0: Called Strike
2-1: Foul Ball, location: 2F
2-2: Ball
3-2: Base on Balls
Carlos López to third
Julián Ramírez to second
Pitching: RHP Neil Adams
Batting: RHB Eric Hudson 0-0: Ball
1-0: Ball
2-0: Foul Ball, location: 2F
2-1: Ball
3-1: Base on Balls
Carlos López scores
Julián Ramírez to third
Félix Escamilla to second
Batting: RHB Ronald Smith 0-0: SINGLE (Line Drive, 4MD)
Julián Ramírez scores
Félix Escamilla to third
Eric Hudson to second
Runner from 3rd tries for Home, SAFE, throw made home
Batting: RHB Christian Nash 0-0: Grounds into double play, 1-6-3 (Groundball, 15)
Bottom of the 1st over - 4 run(s), 3 hit(s), 1 error(s), 1 left on base; Oklahoma 0 - Minnesota 4
TOP OF THE 2ND
Oklahoma Sooners batting - Pitching for Minnesota Golden Gophers : LHP Jeff O'Farrell
Batting: RHB Rafael Barajas 0-0: Ball
1-0: Ball
2-0: SINGLE (Flyball, 89S)
Batting: RHB Steven Wright 0-0: Ball
1-0: Ball
2-0: Called Strike
2-1: Swinging Strike
2-2: Ball
3-2: Foul Ball, location: 2F
3-2: Foul Ball, location: 2F
3-2: Base on Balls
Rafael Barajas to second
Batting: RHB José Ramos 0-0: Ball
1-0: Ball
2-0: Called Strike
2-1: Swinging Strike
2-2: Strikes out swinging
Batting: RHB Chris Wilson 0-0: SINGLE (Groundball, 5D)
Rafael Barajas to third
Steven Wright to second
Batting: SHB Ryan Holcomb 0-0: Ball
1-0: Ball
2-0: Called Strike
2-1: Ball
3-1: Base on Balls
Rafael Barajas scores
Steven Wright to third
Chris Wilson to second
Batting: SHB César Álvarez 0-0: Foul Ball, location: 2F
0-1: DOUBLE (Flyball, 78M)
Steven Wright scores
Chris Wilson scores
Ryan Holcomb to third
Runner from 3rd tries for Home, throw and OUT!
César Álvarez to third
Batting: SHB Donald Reed 0-0: Foul Ball, location: 2F
0-1: Ground out 6-3 (Groundball, 6M)
Top of the 2nd over - 3 run(s), 3 hit(s), 0 error(s), 1 left on base; Oklahoma 3 - Minnesota 4
BOTTOM OF THE 2ND
Minnesota Golden Gophers batting - Pitching for Oklahoma Sooners : RHP Neil Adams
Batting: RHB Brent Burnett 0-0: Ball
1-0: Ball
2-0: Foul Ball, location: 2F
2-1: Ground out 6-3 (Groundball, 6)
Batting: LHB Ralph Cobb 0-0: Ball
1-0: Ball
2-0: Ball
3-0: Swinging Strike
3-1: Base on Balls
Batting: RHB Tim Glendonwyn 0-0: Ball
Ralph Cobb is caught stealing 2nd base
1-0: Foul Ball, location: 2F
1-1: Ball
2-1: Swinging Strike
2-2: Ground out 5-3 (Groundball, 6)
Bottom of the 2nd over - 0 run(s), 0 hit(s), 0 error(s), 0 left on base; Oklahoma 3 - Minnesota 4
TOP OF THE 3RD
Oklahoma Sooners batting - Pitching for Minnesota Golden Gophers : LHP Jeff O'Farrell
Batting: LHB Keith Green 0-0: Ball
1-0: Ball
2-0: Ball
3-0: Base on Balls
Batting: RHB Ralph Hayes 0-0: Ball
1-0: Foul Ball, location: 2F
1-1: Ball
2-1: Fly out, F5 (Popup, 5F)
Batting: RHB Rafael Barajas 0-0: DOUBLE (Groundball, 5D)
Keith Green to third
Batting: RHB Steven Wright 0-0: Ball
1-0: Swinging Strike
1-1: Ball
2-1: SINGLE (Groundball, 4MD)
Keith Green scores
Rafael Barajas to third
Batting: RHB José Ramos 0-0: 3-RUN HOME RUN (Flyball, 8LXD), Distance : 405 ft
Batting: RHB Chris Wilson 0-0: Ball
1-0: Called Strike
1-1: Foul Ball, location: 2F
1-2: SINGLE (Groundball, 56D)
Batting: SHB Ryan Holcomb 0-0: Ball
Chris Wilson steals 2nd base
1-0: Ball
2-0: Ball
3-0: Called Strike
3-1: Base on Balls
Batting: SHB César Álvarez 0-0: Ball
Passed Ball!
Chris Wilson to third
Ryan Holcomb to second
1-0: Swinging Strike
1-1: Ball
2-1: Ball
3-1: Base on Balls
Batting: SHB Donald Reed 0-0: SINGLE (Line Drive, 89M)
Chris Wilson scores
Ryan Holcomb to third
César Álvarez to second
Pitching: RHP Robert Willard
Batting: LHB Keith Green 0-0: GRAND SLAM HOME RUN (Flyball, 8LXD), Distance : 408 ft
Batting: RHB Ralph Hayes 0-0: Ball
1-0: Called Strike
1-1: Called Strike
1-2: Ball
2-2: Fly out, F9 (Flyball, 89M)
Batting: RHB Rafael Barajas 0-0: Called Strike
0-1: Ball
1-1: Called Strike
1-2: Ball
2-2: Strikes out swinging
Top of the 3rd over - 9 run(s), 6 hit(s), 0 error(s), 0 left on base; Oklahoma 12 - Minnesota 4
BOTTOM OF THE 3RD
Minnesota Golden Gophers batting - Pitching for Oklahoma Sooners : RHP Neil Adams
Batting: RHB Carlos López 0-0: Ball
1-0: Ball
2-0: Ground out 5-3 (Groundball, 5S)
Batting: RHB Julián Ramírez 0-0: Ball
1-0: Ground out 1-3 (Groundball, 13S)
Batting: RHB Félix Escamilla 0-0: Ball
1-0: Ball
2-0: Foul Ball, location: 2F
2-1: Ball
3-1: Base on Balls
Batting: RHB Eric Hudson 0-0: Called Strike
0-1: Foul Ball, location: 2F
0-2: Ball
1-2: Ball
Félix Escamilla is caught stealing 2nd base
Bottom of the 3rd over - 0 run(s), 0 hit(s), 0 error(s), 0 left on base; Oklahoma 12 - Minnesota 4
TOP OF THE 4TH
Oklahoma Sooners batting - Pitching for Minnesota Golden Gophers : RHP Robert Willard
Batting: RHB Steven Wright 0-0: Reached on error, E6 (Groundball, 6)
Batting: RHB José Ramos 0-0: Ball
1-0: Ball
2-0: Ball
3-0: Base on Balls
Batting: RHB Chris Wilson 0-0: Ball
1-0: Ball
2-0: Ball
3-0: Called Strike
3-1: Base on Balls
Steven Wright to third
José Ramos to second
Batting: SHB Ryan Holcomb 0-0: Called Strike
0-1: Foul Ball, location: 2F
0-2: Ball
1-2: Strikes out swinging
Batting: SHB César Álvarez 0-0: Ball
1-0: Fly out, F6 (Line Drive, 6M)
Batting: SHB Donald Reed 0-0: Called Strike
0-1: Ball
1-1: Foul Ball, location: 2F
1-2: Ball
2-2: Foul Ball, location: 2F
2-2: Ground out 4-3 (Groundball, 34)
Top of the 4th over - 0 run(s), 0 hit(s), 1 error(s), 3 left on base; Oklahoma 12 - Minnesota 4
BOTTOM OF THE 4TH
Minnesota Golden Gophers batting - Pitching for Oklahoma Sooners : RHP Neil Adams
Batting: RHB Eric Hudson 0-0: Called Strike
0-1: Called Strike
0-2: Foul Ball, location: 2F
0-2: Ball
1-2: Ball
2-2: SINGLE (Groundball, 56D)
Batting: RHB Ronald Smith 0-0: Fly out, F9 (Flyball, 89M)
Batting: RHB Christian Nash 0-0: Called Strike
0-1: Fly out, F9 (Flyball, 89M)
Batting: RHB Brent Burnett 0-0: Ground out 4-3 (Groundball, 4)
Bottom of the 4th over - 0 run(s), 1 hit(s), 0 error(s), 1 left on base; Oklahoma 12 - Minnesota 4
TOP OF THE 5TH
Oklahoma Sooners batting - Pitching for Minnesota Golden Gophers : RHP Robert Willard
Batting: LHB Keith Green 0-0: SINGLE (Groundball, 4MD)
Batting: RHB Ralph Hayes 0-0: Called Strike
0-1: SINGLE (Groundball, 6MD)
Keith Green to second
Runner from 2nd tries for 3rd, SAFE, throw made to third
Batting: RHB Rafael Barajas Pickoff Throw to First - Out!
0-0: Ball
Wild Pitch!
Keith Green scores
1-0: Foul Ball, location: 2F
1-1: Fly out, F9 (Flyball, 89S)
Batting: RHB Steven Wright 0-0: Ball
1-0: Ground out 1-3 (Groundball, 13S)
Top of the 5th over - 1 run(s), 2 hit(s), 0 error(s), 0 left on base; Oklahoma 13 - Minnesota 4
BOTTOM OF THE 5TH
Minnesota Golden Gophers batting - Pitching for Oklahoma Sooners : RHP Neil Adams
Batting: LHB Ralph Cobb 0-0: Ball
1-0: Ball
2-0: Foul Ball, location: 2F
2-1: Ball
3-1: Base on Balls
Pitching: RHP Curt Stephens
Batting: RHB Tim Glendonwyn 0-0: Ball
Ralph Cobb is caught stealing 2nd base
1-0: Ground out 6-3 (Groundball, 6M)
Batting: RHB Carlos López 0-0: Ball
1-0: DOUBLE (Flyball, 89M)
Batting: RHB Julián Ramírez 0-0: Called Strike
0-1: Ball
1-1: Swinging Strike
1-2: SINGLE (Groundball, 6MD)
Carlos López to third
Runner from 3rd tries for Home, SAFE, no throw or cutoff
Batting: RHB Félix Escamilla 0-0: Ball
1-0: Swinging Strike
1-1: Ball
2-1: Foul Ball, location: 2F
2-2: Fly out, F8 (Popup, 8LS)
Bottom of the 5th over - 1 run(s), 2 hit(s), 0 error(s), 1 left on base; Oklahoma 13 - Minnesota 5
TOP OF THE 6TH
Oklahoma Sooners batting - Pitching for Minnesota Golden Gophers : RHP Robert Willard
Pitching: RHP Geoffrey Rogers
Batting: RHB José Ramos 0-0: Called Strike
0-1: Ball
1-1: Ball
2-1: Foul Ball, location: 2F
2-2: Ball
3-2: Strikes out swinging
Batting: RHB Chris Wilson 0-0: Ball
1-0: Ball
2-0: Called Strike
2-1: Ball
3-1: Base on Balls
Batting: SHB Ryan Holcomb 0-0: Ball
Chris Wilson steals 2nd base
1-0: Called Strike
1-1: Foul Ball, location: 2F
1-2: SINGLE (Line Drive, 78S)
Chris Wilson to third
Batting: SHB César Álvarez 0-0: Ball
Ryan Holcomb is caught stealing 2nd base
1-0: Foul Ball, location: 2F
1-1: Called Strike
1-2: Strikes out looking
Top of the 6th over - 0 run(s), 1 hit(s), 0 error(s), 1 left on base; Oklahoma 13 - Minnesota 5
BOTTOM OF THE 6TH
Minnesota Golden Gophers batting - Pitching for Oklahoma Sooners : RHP Curt Stephens
Batting: RHB Eric Hudson 0-0: Fly out, F6 (Line Drive, 56)
Batting: RHB Ronald Smith 0-0: Swinging Strike
0-1: Ground out 4-3 (Groundball, 4)
Batting: RHB Christian Nash 0-0: Ball
1-0: Ball
2-0: Ball
3-0: Called Strike
3-1: Called Strike
3-2: Foul Ball, location: 2F
3-2: Foul Ball, location: 2F
3-2: Base on Balls
Batting: RHB Brent Burnett 0-0: Swinging Strike
0-1: Ball
1-1: Called Strike
1-2: Strikes out swinging
Bottom of the 6th over - 0 run(s), 0 hit(s), 0 error(s), 1 left on base; Oklahoma 13 - Minnesota 5
TOP OF THE 7TH
Oklahoma Sooners batting - Pitching for Minnesota Golden Gophers : RHP Geoffrey Rogers
Batting: SHB Donald Reed 0-0: Called Strike
0-1: Called Strike
0-2: Strikes out looking
Batting: LHB Keith Green 0-0: Foul Ball, location: 2F
0-1: Called Strike
0-2: Foul Ball, location: 2F
0-2: Ball
Single, Error in OF, E8, batter to second base
Batting: RHB Ralph Hayes 0-0: Foul Ball, location: 2F
0-1: Ball
1-1: Ball
Keith Green is caught stealing 3rd base
2-1: Ball
3-1: Swinging Strike
3-2: Foul Ball, location: 2F
3-2: Foul Ball, location: 2F
3-2: Base on Balls
Batting: RHB Rafael Barajas 0-0: Called Strike
0-1: 2-RUN HOME RUN (Flyball, 9D), Distance : 349 ft
Batting: RHB Steven Wright 0-0: DOUBLE (Line Drive, 8RM)
Batting: RHB José Ramos 0-0: Ball
1-0: Ball
2-0: Ball
3-0: Base on Balls
Batting: RHB Chris Wilson 0-0: Called Strike
0-1: Ball
1-1: Fielders Choice at 2nd, U6 (Groundball, 6M)
Top of the 7th over - 2 run(s), 3 hit(s), 1 error(s), 2 left on base; Oklahoma 15 - Minnesota 5
BOTTOM OF THE 7TH
Minnesota Golden Gophers batting - Pitching for Oklahoma Sooners : RHP Curt Stephens
Pitching: RHP Edwin Cooper
Batting: LHB Ralph Cobb 0-0: Bunt for hit - play at first, batter OUT! 3-4
Batting: RHB Tim Glendonwyn 0-0: Fly out, F3 (Popup, 3SF)
Batting: RHB Carlos López 0-0: Called Strike
0-1: Swinging Strike
0-2: Ball
1-2: Ground out 6-3 (Groundball, 4MS)
Bottom of the 7th over - 0 run(s), 0 hit(s), 0 error(s), 0 left on base; Oklahoma 15 - Minnesota 5
TOP OF THE 8TH
Oklahoma Sooners batting - Pitching for Minnesota Golden Gophers : RHP Geoffrey Rogers
Pitching: RHP Gerard O'Neill
Batting: SHB Ryan Holcomb 0-0: Called Strike
0-1: Ball
1-1: Ground out U3 (Groundball, 3S)
Batting: SHB César Álvarez 0-0: Foul Ball, location: 2F
0-1: Foul Ball, location: 2F
0-2: Strikes out swinging
Batting: SHB Donald Reed 0-0: Ball
1-0: Ball
2-0: Foul Ball, location: 2F
2-1: Ground out 4-3 (Groundball, 4M)
Top of the 8th over - 0 run(s), 0 hit(s), 0 error(s), 0 left on base; Oklahoma 15 - Minnesota 5
BOTTOM OF THE 8TH
Minnesota Golden Gophers batting - Pitching for Oklahoma Sooners : RHP Edwin Cooper
Batting: RHB Julián Ramírez 0-0: Ball
1-0: Ball
2-0: Ball
3-0: Base on Balls
Batting: RHB Félix Escamilla 0-0: Ball
1-0: Grounds into double play, U6-3 (Groundball, 6M)
Batting: RHB Eric Hudson 0-0: Ball
1-0: SINGLE (Flyball, 9LS)
Batting: RHB Ronald Smith 0-0: Called Strike
0-1: Ball
1-1: SINGLE (Groundball, 34S)
Eric Hudson to second
Runner from 2nd tries for 3rd, SAFE, throw made to third
Batting: RHB Christian Nash 0-0: Called Strike
0-1: Fly out, F4 (Popup, 4)
Bottom of the 8th over - 0 run(s), 2 hit(s), 0 error(s), 2 left on base; Oklahoma 15 - Minnesota 5
TOP OF THE 9TH
Oklahoma Sooners batting - Pitching for Minnesota Golden Gophers : RHP Gerard O'Neill
Batting: LHB Keith Green 0-0: Ball
1-0: Ground out U3 (Groundball, 3S)
Batting: RHB Ralph Hayes 0-0: Fly out, F7 (Line Drive, 78M)
Batting: RHB Rafael Barajas 0-0: Called Strike
0-1: Ball
1-1: Foul Ball, location: 2F
1-2: Strikes out swinging
Top of the 9th over - 0 run(s), 0 hit(s), 0 error(s), 0 left on base; Oklahoma 15 - Minnesota 5
BOTTOM OF THE 9TH
Minnesota Golden Gophers batting - Pitching for Oklahoma Sooners : RHP Edwin Cooper
Batting: RHB Brent Burnett 0-0: Called Strike
0-1: Ball
1-1: Foul Ball, location: 2F
1-2: Foul Ball, location: 2F
1-2: Ball
2-2: Foul Ball, location: 2F
2-2: Strikes out looking
Batting: LHB Ralph Cobb 0-0: Ball
1-0: Called Strike
1-1: Ball
2-1: Ball
3-1: Foul Ball, location: 2F
3-2: Fly out, F8 (Flyball, 8LD)
Batting: RHB Tim Glendonwyn 0-0: Called Strike
0-1: Ball
1-1: Ball
2-1: SINGLE (Line Drive, 89S)
Batting: RHB Carlos López 0-0: Ball
1-0: Reached on error, E5 (Groundball, 56)
Tim Glendonwyn to third
Batting: RHB Julián Ramírez 0-0: Ball
1-0: Ball
2-0: Called Strike
2-1: Called Strike
2-2: Strikes out swinging
Bottom of the 9th over - 0 run(s), 1 hit(s), 1 error(s), 2 left on base; Oklahoma 15 - Minnesota 5
This league is powered by Out of the Park Baseball, the baseball management simulation game for PC, Mac and Linux
Tuesday, August 2nd, 2016 - OOTP Baseball 16.8 Build 38